 Dungeon Crawl Stone Soup version 0.23.2-40-g277498a001 (webtiles) character file.

Game seed: 10126307493040072966

857 MalarOregon the Poker (level 8, 0/93 HPs)
             Began as a Merfolk Skald on Aug 23, 2019.
             Was an Initiate of Gozag.
             Slain by a bullfrog (8 damage)
             ... on level 6 of the Dungeon.
             The game lasted 00:16:28 (9817 turns).

MalarOregon the Poker (Merfolk Skald)               Turns: 9817, Time: 00:16:28

Health: 0/93       AC:  5    Str: 17    XL:     8   Next: 2%
Magic:  6/12       EV: 15    Int: 14    God:    Gozag
Gold:   199        SH:  0    Dex: 13    Spells: 2/13 levels left

rFire    . . .     SeeInvis .   a - +0 trident
rCold    . . .     Gourm    .   (no shield)
rNeg     . . .     Faith    .   f - +1 leather armour
rPois    .         Spirit   .   (no helmet)
rElec    .         Reflect  .   p - +0 cloak
rCorr    .         Harm     .   h - -1 pair of gloves (curse)
MR       .....                  (no boots)
Stlth    ..........             (no amulet)
HPRegen  1.25/turn              (no ring)
MPRegen  0.13/turn              (no ring)

@: berserking, gold aura, very slightly contaminated, regenerating (expiring),
very quick
A: change form in water, swift swim, stealthy swim
a: Potion Petition, Call Merchant, Bribe Branch, Renounce Religion


You were on level 6 of the Dungeon.
You worshipped Gozag.
Gozag was aware of your devotion.
You were not hungry.

You visited 2 branches of the dungeon, and saw 7 of its levels.

You collected 270 gold pieces.
You paid 71 gold pieces to Gozag.

Inventory:

Hand Weapons
 a - a +0 trident (weapon)
   (You took it off Robin on level 3 of the Dungeon)
 b - a +0 hunting sling of flaming
   (You found it on level 1 of the Dungeon)
 w - a +0 blowgun
   (You took it off a kobold on level 3 of the Dungeon)
Missiles
 j - 121 stones (quivered)
 q - 12 sling bullets
Armour
 f - a +1 leather armour (worn)
 h - a cursed -1 pair of gloves (worn)
   (You found it on level 4 of the Dungeon)
 p - a +0 cloak (worn)
   (You found it on level 4 of the Dungeon)
 s - a +0 helmet
   (You took it off Robin on level 3 of the Dungeon)
Wands
 c - a wand of disintegration (9)
   (You found it on level 3 of the Dungeon)
 d - a wand of iceblast (9)
   (You found it on level 4 of the Dungeon)
 u - a wand of scattershot (5)
   (You found it on level 5 of the Dungeon)
Scrolls
 g - a scroll of identify {@r1}
 m - a scroll of enchant armour
 n - a scroll of amnesia {unknown}
Potions
 i - a potion of resistance
 k - a potion of might
 l - 2 potions of cancellation
 o - a potion of haste {@q3}
 t - a potion of curing {unknown}
Comestibles
 e - 8 rations {!d}


   Skills:
 * Level 5.2 Fighting
 * Level 6.6 Polearms
 + Level 2.0 Armour
 * Level 6.1 Dodging
 + Level 3.2 Spellcasting
 - Level 4.0 Charms


You had 2 spell levels left.
You knew the following spells:

 Your Spells              Type           Power        Failure   Level  Hunger
a - Infusion              Chrm           ##..         4%          1    #......
e - Regeneration          Chrm/Necr      #.........   32%         3    ###....
q - Shroud of Golubria    Chrm/Tloc      #.........   16%         2    ##.....
t - Spectral Weapon       Hex/Chrm       #.......     32%         3    ###....
w - Song of Slaying       Chrm           ##......     7%          2    ##.....

Your spell library contained the following spells:

 Spells                   Type           Power        Failure   Level  Hunger


Dungeon Overview and Level Annotations

Branches:
Dungeon (6/15)             Temple (1/1) D:5

Altars:
Ashenzari
Elyvilon
Fedhas
Gozag
Hepliaklqana
Nemelex Xobeh
Okawaru
Sif Muna
Trog
Uskayaw
Vehumet
Wu Jian
Xom
Yredelemnul
Zin
The Shining One

Annotations:
D:4 2 transporters


Message History

Attack whom?
Aim: an orc priest, wielding a +0 hand axe (severely wounded)
The orc is in the way.
You hit the orc. The orc misses you.
Attack whom?
Aim: an orc priest, wielding a +0 hand axe (severely wounded)
The orc is in the way.
You closely miss the orc. The orc hits you.
* * * LOW HITPOINT WARNING * * *
Attack whom?
Aim: an orc priest, wielding a +0 hand axe (severely wounded)
The orc is in the way.
You hit the orc.
You kill the orc!
The bullfrog completely misses you.
Attack whom?
Aim: an orc priest, wielding a +0 hand axe (severely wounded)
The bullfrog is in the way.
You closely miss the bullfrog.
The bullfrog hits you but does no damage.
The crimson imp blinks!
The bullfrog barely misses you.
Attack whom?
Aim: an orc priest, wielding a +0 hand axe (severely wounded)
You reach to attack!
You hit the orc priest.
The orc priest casts a cantrip, but nothing happens.
The bullfrog closely misses you.
Attack whom?
Aim: an orc priest, wielding a +0 hand axe (almost dead)
The bullfrog is in the way.
You hit the bullfrog. The bullfrog hits you!
* * * LOW HITPOINT WARNING * * *
You miscast Regeneration.
You are very lightly contaminated with residual magic.
Waves of light ripple over your body. The bullfrog hits you.
* * * LOW HITPOINT WARNING * * *
The crimson imp lashes its tail.
The crimson imp closely misses you.
The orc priest casts a cantrip, but nothing happens.
The bullfrog hits you.
* * * LOW HITPOINT WARNING * * *
Your skin crawls.
Your skin is crawling a little less now.
The crimson imp hits you.
* * * LOW HITPOINT WARNING * * *
The bullfrog hits you.
* * * LOW HITPOINT WARNING * * *
Attack whom?
Aim: an orc priest, wielding a +0 hand axe (almost dead)
Okay, then.
Unknown command.
Okay, then.
A red film seems to cover your vision as you go berserk!
You feel yourself moving faster!
You feel mighty! The bullfrog hits you!
You die...
Your body crumbles into a pile of gold.

#.#.. .#..
...##### #......
...... .oo.#
#F#.# #@#.# ####
♣ #5#.##.....
P...##.#<.......
≈≈..............P
≈≈...##.#######.≈
≈[.. #.# ≈.. #.#
♣♣ #.# #>#


You could see a bullfrog, an orc priest, a crimson imp and an orc.

Vanquished Creatures
  Sigmund (D:3)
  A sky beast (D:5)
  2 phantoms (D:4)
  A howler monkey (D:4)
  2 orc priests (D:3)
  A centaur skeleton (D:5)
  2 orc wizards (D:4)
  A worker ant (D:4)
  Robin (D:3)
  A howler monkey skeleton (D:5)
  9 adders
  An ooze (D:2)
  3 adder skeletons
  5 worms
  2 dart slugs
  2 leopard geckos
  10 orcs
  A ball python (D:4)
  4 giant cockroaches
  6 hobgoblins
  8 jackals
  5 bats
  3 frilled lizards
  16 goblins
  8 kobolds
  12 rats
108 creatures vanquished.

Notes
Turn   | Place    | Note
-------+----------+-------------------------------------------
     0 | D:1      | MalarOregon the Merfolk Skald began the quest for the Orb.
     0 | D:1      | Reached XP level 1. HP: 16/16 MP: 3/3
   813 | D:1      | Reached XP level 2. HP: 23/23 MP: 5/5
   915 | D:1      | Learned a level 2 spell: Song of Slaying
   918 | D:1      | Learned a level 2 spell: Shroud of Golubria
  1106 | D:2      | Found a glowing silver altar of Zin.
  1546 | D:2      | Found an iron altar of Okawaru.
  1569 | D:2      | Reached XP level 3. HP: 28/28 MP: 6/6
  1596 | D:2      | Reached skill level 1 in Armour
  1712 | D:2      | Found a basalt altar of Yredelemnul.
  1714 | D:2      | Found a shadowy altar of Dithmenos.
  1714 | D:2      | Found a shimmering altar of Xom.
  1729 | D:2      | Found a blossoming altar of Fedhas.
  1729 | D:2      | Found a glowing golden altar of the Shining One.
  1729 | D:2      | Found a shimmering altar of Xom.
  2525 | D:3      | Reached XP level 4. HP: 24/35 MP: 1/7
  2952 | D:3      | Noticed Sigmund
  3525 | D:4      | Reached XP level 5. HP: 38/41 MP: 6/8
  3858 | D:3      | HP: 1/41 [orc/+0 mace (6)]
  4455 | D:4      | Learned a level 3 spell: Regeneration
  4497 | D:4      | Found a transporter.
  4502 | D:4      | Noticed a manticore
  4503 | D:4      | Found an ornate altar of the Wu Jian Council.
  4503 | D:4      | Found a bloodstained altar of Trog.
  4504 | D:4      | Found a hide-covered altar of Uskayaw.
  4505 | D:4      | Noticed a two-headed ogre
  4519 | D:4      | Found a transporter.
  4719 | D:4      | Reached XP level 6. HP: 9/48 MP: 3/9
  4739 | D:4      | HP: 2/48 [poisoned by a worker ant]
  4747 | D:4      | HP: 2/48 [poisoned by a worker ant]
  5110 | D:4      | Noticed a phantom
  5162 | D:4      | Killed a phantom
  5162 | D:4      | Reached skill level 5 in Polearms
  5337 | D:4      | Found a basalt altar of Yredelemnul.
  5733 | D:4      | Noticed a phantom
  5798 | D:4      | Killed a phantom
  5798 | D:4      | Reached skill level 5 in Dodging
  5798 | D:4      | Reached XP level 7. HP: 13/55 MP: 1/11
  6442 | D:3      | Noticed Robin
  6462 | D:3      | Killed Robin
  6571 | D:5      | Entered Level 5 of the Dungeon
  6593 | D:5      | Learned a level 3 spell: Spectral Weapon
  6981 | D:5      | Found a staircase to the Ecumenical Temple.
  7014 | Temple   | Entered the Ecumenical Temple
  7068 | Temple   | Became a worshipper of Gozag Ym Sagoz the Greedy
  7488 | D:5      | Found a deep blue altar of Sif Muna.
  8295 | D:2      | Found an iron altar of Okawaru.
  8319 | D:2      | Found a shimmering altar of Xom.
  8739 | D:2      | Found a glowing silver altar of Zin.
  9596 | D:3      | Killed Sigmund
  9596 | D:3      | Reached skill level 5 in Fighting
  9596 | D:3      | Reached XP level 8. HP: 34/62 MP: 12/12
  9817 | D:6      | Slain by a bullfrog

Skill      XL: |  1  2  3  4  5  6  7 |
---------------+----------------------+-----
Dodging        | 3 4 5 6 |  6.1
Armour         | 1 2 |  2.0
Fighting       | 3 4 5 |  5.2
Polearms       | 4 5 6 |  6.6
Charms         | 4 |  4.0
Spellcasting   | 3 |  3.2

Action                   |  1- 3 |  4- 6 |  7- 9 || total
-------------------------+-------+-------+-------++-------
Melee: Spear             |   161 |   303 |       ||   464
       Trident           |       |       |   131 ||   131
 Fire: Hunting sling     |       |     2 |    57 ||    59
 Cast: Infusion          |     2 |     6 |       ||     8
       Shroud of Golubri |     6 |    15 |     1 ||    22
       Regeneration      |       |     1 |     4 ||     5
  Use: Scroll            |     3 |     8 |     3 ||    14
       Potion            |       |     3 |     1 ||     4
 Stab: Sleeping          |     1 |     1 |       ||     2
       Distracted        |       |     1 |       ||     1
  Eat: Chunk             |     5 |    11 |     3 ||    19
       Ration            |       |     1 |     3 ||     4
Armor: Leather armour    |    20 |    48 |    29 ||    97
       Skin              |       |    43 |       ||    43
Dodge: Dodged            |    38 |   151 |   111 ||   300
